 Dungeon Crawl Stone Soup version 0.25.0-9-g26727b657a (webtiles) character file.

Game seed: 1580423152673834112

7 sanka the Magician (level 1, -1/13 HPs)
             Began as a Mummy Enchanter on June 21, 2020.
             Slain by a leopard gecko (2 damage)
             ... on level 1 of the Dungeon.
             The game lasted 00:00:44 (173 turns).

sanka the Magician (Mummy Enchanter)                 Turns: 173, Time: 00:00:45

Health: -1/13      AC:  2    Str: 11    XL:     1   Next: 91%
Magic:  1/4        EV: 12    Int: 14    God:
Gold:   15         SH:  0    Dex: 12    Spells: 4/5 levels left

rFire    x . .     SeeInvis .   a - +1 dagger
rCold    + . .     Gourm    .   (no shield)
rNeg     + + +     Faith    .   b - +0 robe
rPois    ∞         Spirit   .   (no helmet)
rElec    .         Reflect  .   (no cloak)
rCorr    .         Harm     .   (no gloves)
MR       .....                  (no boots)
Stlth    ++........             (no amulet)
HPRegen  0.04/turn              (no ring)
MPRegen  0.09/turn              (no ring)

@: very slightly contaminated
A: no food or potions, fire vulnerability, cold resistance 1, negative energy
resistance 3, torment resistance, unbreathing
a: no special abilities


You were on level 1 of the Dungeon.
You were not hungry.

You visited 1 branch of the dungeon, and saw 1 of its levels.

You collected 15 gold pieces.


Innate Abilities, Weirdness & Mutations

You do not eat or drink.
Your flesh is vulnerable to fire.
You are immune to poison.
Your flesh is cold resistant. (rC+)
You are immune to negative energy. (rN+++)
You are immune to unholy pain and torment.
You can survive without breathing.


   Skills:
 + Level 1.0 Short Blades
 - Level 1.5 Dodging
 + Level 2.5 Stealth
 + Level 2.9 Spellcasting
 + Level 2.8 Hexes


You had 4 spell levels left.
You knew the following spells:

 Your Spells              Type           Power        Failure   Level  Hunger
Z - Corona                Hex            #......      7%          1    N/A

Your spell library contained the following spells:

 Spells                   Type           Power        Failure   Level  Hunger
 Ensorcelled Hibernation  Hex/Ice        #.....       19%         2    N/A
 Confusing Touch          Hex            #.......     21%         3    N/A
 Tukima's Dance           Hex            #.......     21%         3    N/A
 Dazzling Flash           Conj/Hex       #.....       36%         3    N/A

Inventory:

Hand Weapons
 a - a +1 dagger (weapon)
Armour
 b - a +0 robe (worn)

Dungeon Overview and Level Annotations

Branches:
Dungeon (1/15)

Altars:

.... ....... .▒▒▒
...▒. ▒▒ .▒.▒. ▒.
... ▒. ... ▒. ▒g▒
▒. ▒ ▒l▒ .▒.▒.
▒..▒▒▒M▒▒▒▒▒▒
▒.▒.▒.
▒...........▒
▒.▒...
▒..▒▒▒.▒▒▒▒.▒
▒▒.▒..▒
▒.......▒▒▒.▒
▒......
▒..▒▒▒......▒
▒...... ▒
▒▒.▒▒▒.▒▒▒▒▒......
▒................
▒▒▒▒▒)▒▒▒▒▒......
▒.▒ ▒......


You could see a leopard gecko (corona) and a hobgoblin.


Message History

The leopard gecko is outlined in light.
The leopard gecko bites you.
* * * LOW HITPOINT WARNING * * *
You closely miss the leopard gecko.
The leopard gecko is moderately wounded.
The leopard gecko closely misses you.
You hit the leopard gecko.
The leopard gecko is heavily wounded.
The leopard gecko bites you.
* * * LOW HITPOINT WARNING * * *
The leopard gecko closely misses you.
You hit the leopard gecko but do no damage.
The leopard gecko is heavily wounded.
The leopard gecko closely misses you.
You hit the leopard gecko.
The leopard gecko is severely wounded.
The leopard gecko closely misses you.
You hit the leopard gecko but do no damage.
The leopard gecko is severely wounded.
The leopard gecko misses you.
You hit the leopard gecko.
The leopard gecko is almost dead.
The leopard gecko completely misses you.
You hit the leopard gecko but do no damage.
The leopard gecko is almost dead.
The leopard gecko barely misses you.
You closely miss the leopard gecko.
The leopard gecko is almost dead.
The leopard gecko bites you.
You die...

Action                   || total
-------------------------++-------
Melee: Dagger            ||    34
 Cast: Corona            ||     4
Armor: Robe              ||     3
Dodge: Dodged            ||    24

Levels and vault maps discovered:
D:1:      ldierk_walled_garden, layout_loops_ring

Notes
Turn   | Place    | Note
-------+----------+-------------------------------------------
     0 | D:1      | sanka the Mummy Enchanter began the quest for the Orb.
     0 | D:1      | Reached XP level 1. HP: 13/13 MP: 4/4
   119 | D:1      | Reached skill level 1 in Short Blades
   167 | D:1      | HP: 1/13 [leopard gecko (1)]
   173 | D:1      | Slain by a leopard gecko

Vanquished Creatures
  A dart slug (D:1)
  A goblin (D:1)
  A hobgoblin (D:1)
  2 bats (D:1)
  A rat (D:1)
6 creatures vanquished.
